 Dungeon Crawl Stone Soup version 0.30.1-11-g7821555f0a (webtiles) character file.

Game seed: 16051530491754060067

20203 lonewolfV2 the Party-goer (level 12, -1/79 HPs)
             Began as a Demonspawn Fighter on Oct 31, 2023.
             Was a Follower of Uskayaw.
             Slain by a catoblepas (10 damage)
             ... while petrified by a catoblepas
             ... on level 13 of the Dungeon.
             The game lasted 00:22:38 (11646 turns).

lonewolfV2 the Party-goer (Demonspawn Fighter)     Turns: 11646, Time: 00:22:39

Health: -1/79      AC: 13    Str: 18    XL:     12   Next: 43%
Magic:  20/20      EV:  2    Int: 15    God:    Uskayaw [*.....]
Gold:   797        SH:  0    Dex: 13    Spells: 11/11 levels left

rFire   + . .        g - +4 long sword (protect)
rCold   + . .        (no shield)
rNeg    + + +        t - +0 chain mail
rPois   ∞            (helmet unavailable)
rElec   +            (no cloak)
rCorr   +            (gloves unavailable)
SInv    +            D - +0 pair of boots
Will    .....        m - amulet of Butchery {rElec rPois Regen+ rCorr} Stlth
                     G - ring of protection from fire
HPRegen 1.13/turn    J - ring of protection from cold
MPRegen 0.17/turn

%: no passive effects
@: petrified
A: antennae 3, powered by pain 2, condensation shield, weakness stinger 1,
demonic touch 3, large bone plates 1, clever 1, frail 1
a: Renounce Religion, Stomp


You were on level 13 of the Dungeon.
You worshipped Uskayaw.
Uskayaw was aware of your devotion.
You visited 1 branch of the dungeon, and saw 13 of its levels.

You collected 967 gold pieces.
You spent 170 gold pieces at shops.

Inventory:

Hand Weapons
 a - a +0 war axe
 g - a +4 long sword of protection (weapon)
Armour
 b - a +1 scale mail
 c - a +0 buckler
 n - the +1 pair of gloves of the First Snow {-Cast Dex+3 SInv}
   (You found it on level 3 of the Dungeon)

   Dex:       It affects your dexterity (+3).
   SInv:      It lets you see invisible.
   -Cast:     It prevents spellcasting.
 t - a +0 chain mail (worn)
 D - a +0 pair of boots (worn)
Jewellery
 m - the amulet of Butchery (around neck) {rElec rPois Regen+ rCorr}
   (You acquired it on level 4 of the Dungeon)

   [amulet of regeneration]

   rElec:     It insulates you from electricity.
   rPois:     It protects you from poison.
   Regen:     It increases your rate of health regeneration.
   rCorr:     It protects you from acid and corrosion.
 p - an amulet of the acrobat
 z - a ring of positive energy
 E - a ring of willpower
 G - a ring of protection from fire (left hand)
 I - a +6 ring of intelligence
 J - a ring of protection from cold (right hand)
Wands
 r - a wand of roots (11)
 s - a wand of quicksilver (7)
 v - a wand of mindburst (10)
 x - a wand of flame (32)
 K - a wand of digging (7)
Scrolls
 j - 3 scrolls of teleportation
 y - a scroll of enchant armour
 A - a scroll of amnesia
 B - 3 scrolls of poison
 C - a scroll of fog
 H - a scroll of magic mapping
 L - 2 scrolls of identify
Potions
 d - 4 potions of might
 e - 5 potions of heal wounds
 f - 3 potions of flight
 h - 2 potions of haste
 i - 4 potions of lignification
 k - 6 potions of brilliance
 l - a potion of magic
 o - 3 potions of berserk rage
 q - a potion of invisibility
 u - 9 potions of curing
 w - 2 potions of resistance {unknown}
 F - a potion of degeneration {unknown}


   Skills:
 - Level 6.0 Fighting
 - Level 6.0(7.2) Short Blades
 - Level 6.1(7.3) Long Blades
 - Level 3.2 Axes
 + Level 10.0 Armour
 + Level 10.0 Dodging
 - Level 2.6 Shields
 - Level 11.9 Invocations


You had 11 spell levels left.
You didn't know any spells.
Your spell library contained the following spells:

 Spells                   Type           Power      Damage    Failure   Level
 Sandblast                Erth           0%         2d4       87%         1
 Summon Small Mammal      Summ           0%         N/A       87%         1
 Passwall                 Tmut/Erth      0%         N/A       95%         2
 Call Canine Familiar     Summ           0%         N/A       99%         3
 Stone Arrow              Conj/Erth      0%         3d7       99%         3
 Summon Guardian Golem    Hex/Summ       0%         N/A       99%         3
 Chain Lightning          Conj/Air       0%         N/A       100%        9
 Fire Storm               Conj/Fire      0%         5d1       100%        9
 Shatter                  Erth           0%         3d5*      100%        9


Dungeon Overview and Level Annotations

Branches:
Dungeon (13/15)            Temple (0/1) D:5            Lair (0/5) D:10
    Orc (0/2) D:12
 Vaults: D:13-14

Altars:
Ashenzari
Makhleb
Qazlal
Sif Muna
Uskayaw

Shops:
D:7 :   D:11 [   D:12 ***

Annotations:
D:10 exclusion: oklob plant
D:11 2 runed translucent doors, exclusion: orange crystal statue


Innate Abilities, Weirdness & Mutations

You have a pair of large antennae on your head. (SInv)
You sometimes gain power by taking damage.
A meltable shield of frost defends you. (SH +4)
You have a small tail.
Your touch may irresistibly damage your foes and sap their willpower.
You are partially covered in large bone plates. (SH +4)
Your mind is acute. (Int +4, Str/Dex -1)
You are frail. (-10% HP)


Message History

Press: ? - help, Q - select action, (/) - cycle Shift-Dir - straight line, f - catoblepas
Aim: a catoblepas (heavily wounded, weak-willed)
The roots erupt in riotous growth!
Roots grab the catoblepas.
Roots grab the unseen horror.
You are engulfed in calcifying dust.
You are slowing down.
The grasping roots constrict the unseen horror.
The grasping roots constrict the catoblepas, but do no damage.
The catoblepas gores you but does no damage.
You hit the catoblepas.
Your weapon exudes an aura of protection.
You touch the catoblepas!
You sap its willpower!
You punch the catoblepas, but do no damage.
The catoblepas is severely wounded.
You are engulfed in calcifying dust.
Your limbs have turned to stone.
The grasping roots constrict the unseen horror!
The grasping roots constrict the catoblepas!
The roots release their grip on the unseen horror.
The roots release their grip on the catoblepas.
The catoblepas gores you!!
The catoblepas breathes a plume of calcifying dust at you.
The blast of calcifying dust hits you.
You have turned to stone.
You can now pass through a line of other dancers.
You are engulfed in calcifying dust.
The catoblepas breathes a plume of calcifying dust at you.
The blast of calcifying dust hits you but does no damage.
You are engulfed in calcifying dust.
The catoblepas gores you.
You are engulfed in calcifying dust.
The catoblepas gores you!!
* * * LOW HITPOINT WARNING * * *
You are engulfed in calcifying dust.
The catoblepas breathes a plume of calcifying dust at you.
The blast of calcifying dust hits you!
* * * LOW HITPOINT WARNING * * *
You can no longer pass through a line of other dancers.
The catoblepas breathes a plume of calcifying dust at you.
The blast of calcifying dust hits you!
* * * LOW HITPOINT WARNING * * *
You are engulfed in calcifying dust.
The catoblepas gores you!!
You die...

####### ### .......
... ....... #.#
....... #.#
.......#####.#
......xY@§§§.####...
......#####.........
..... #.########
.... #.# .## #.# #.#
#.# #.########.
.#####..........


You could see a catoblepas and an unseen horror (invisible).

Vanquished Creatures
  2 two-headed ogres (D:11)
  A centaur warrior (D:13)
  3 boulder beetles (D:12)
  Pikel (D:7)
  3 manticores (D:12)
  3 cyclopes
  4 ugly things
  Psyche (D:8)
  A kobold demonologist (D:13)
  Maggie (D:8)
  An unseen horror (D:12)
  3 trolls
  A hornet (D:10)
  4 slime creatures (D:12)
  25 yaks
  2 wraiths (D:10)
  Grum (D:8)
  2 steam dragons
  5 vampire mosquitoes (D:13)
  4 acid dragons (D:11)
  3 water moccasins
  2 orc warriors
  2 ice beasts
  5 sky beasts
  3 black bears
  2 wolves (D:8)
  5 centaurs
  A phantom (D:4)
  4 bullfrogs
  3 kobold brigands
  A gnoll sergeant (D:10)
  5 scorpions
  10 wights
  6 killer bees (D:9)
  3 electric eels (D:8)
  2 howler monkeys (D:7)
  3 jellies
  3 orc priests
  4 hounds
  4 iguanas
  A sleepcap (D:6)
  A gnoll bouda (D:7)
  6 orc wizards
  12 adders
  7 gnolls
  2 white imps
  3 worms
  A dart slug (D:4)
  27 orcs
  6 ball pythons
  7 endoplasms
  4 giant cockroaches
  9 goblins
  11 hobgoblins
  2 jackals (D:1)
  23 kobolds
  5 quokkas
  5 bats
  4 frilled lizards
  A goblin zombie (D:4)
  A jackal zombie (D:4)
  4 rats
281 creatures vanquished.

Vanquished Creatures (others)
  An orc (D:7)
  3 kobolds (D:8)
4 creatures vanquished.

Grand Total: 285 creatures vanquished

Notes
Turn   | Place    | Note
-------+----------+-------------------------------------------
     0 | D:1      | lonewolfV2 the Demonspawn Fighter began the quest for the
                  | Orb.
     0 | D:1      | Reached XP level 1. HP: 18/18 MP: 1/1
   146 | D:1      | Discovered your monstrous ancestry.
   146 | D:1      | Gained mutation: You have a small tail. [demonic ancestry]
   146 | D:1      | Reached XP level 2. HP: 18/24 MP: 2/2
   674 | D:1      | Gained mutation: You sometimes gain a little power by
                  | taking damage. [demonic ancestry]
   674 | D:1      | Reached XP level 3. HP: 29/29 MP: 3/3
   795 | D:2      | Identified the +2 robe "Vakh" {Harm rElec}
  1054 | D:2      | Gained mutation: Your touch may inflict minor irresistible
                  | damage on your foes. [demonic ancestry]
  1054 | D:2      | Reached XP level 4. HP: 37/37 MP: 4/4
  1294 | D:3      | Reached skill level 1 in Long Blades
  1498 | D:3      | Identified the +1 pair of gloves of the First Snow {-Cast
                  | Dex+3 SInv}
  1518 | D:3      | Noticed a scorpion
  1526 | D:3      | Killed a scorpion
  1527 | D:3      | Gained mutation: Your touch may inflict irresistible damage
                  | on your foes. [demonic ancestry]
  1527 | D:3      | Reached XP level 5. HP: 42/42 MP: 5/5
  1821 | D:3      | Found a shimmering blue altar of Sif Muna.
  1934 | D:4      | Noticed a phantom
  1958 | D:4      | Killed a phantom
  1959 | D:4      | Gained mutation: You sometimes gain power by taking damage.
                  | [demonic ancestry]
  1959 | D:4      | Reached XP level 6. HP: 24/49 MP: 6/6
  2219 | D:4      | Reached skill level 5 in Fighting
  2309 | D:4      | You fall into a shaft and drop 2 floors!
  2340 | D:6      | Gained mutation: You have a pair of small antennae on your
                  | head. [demonic ancestry]
  2340 | D:6      | Reached XP level 7. HP: 48/56 MP: 7/7
  2569 | D:6      | Reached skill level 5 in Long Blades
  2707 | D:5      | Entered Level 5 of the Dungeon
  3788 | D:4      | Identified a scroll of acquirement
  3788 | D:4      | Acquired the amulet of Butchery {rElec rPois Regen+ rCorr}
  3966 | D:5      | Reached XP level 8. HP: 62/64 MP: 8/8
  3967 | D:5      | Found a hide-covered altar of Uskayaw.
  3976 | D:5      | Became a worshipper of Uskayaw the Reveller
  4019 | D:5      | Reached * piety under Uskayaw
  4022 | D:5      | Reached ** piety under Uskayaw
  4023 | D:5      | Reached skill level 1 in Dodging
  4026 | D:5      | Reached *** piety under Uskayaw
  4028 | D:5      | Reached skill level 1 in Short Blades
  4028 | D:5      | Reached skill level 1 in Invocations
  4136 | D:5      | Reached skill level 2 in Invocations
  4227 | D:5      | Reached skill level 3 in Invocations
  4361 | D:5      | Found a staircase to the Ecumenical Temple.
  4478 | D:6      | Reached **** piety under Uskayaw
  4779 | D:6      | Found a burning altar of Makhleb.
  4889 | D:7      | Found Soliaq's Book Boutique.
  4934 | D:7      | Reached skill level 4 in Invocations
  4934 | D:7      | Gained mutation: A meltable shield of frost defends you.
                  | (SH +4) [demonic ancestry]
  4934 | D:7      | Reached XP level 9. HP: 69/69 MP: 10/12
  4938 | D:7      | Noticed Pikel
  4946 | D:7      | Reached ***** piety under Uskayaw
  4947 | D:7      | Killed Pikel
  4948 | D:7      | Reached skill level 5 in Invocations
  5043 | D:7      | Reached skill level 5 in Armour
  5060 | D:7      | Reached skill level 5 in Dodging
  5068 | D:7      | Reached ****** piety under Uskayaw
  5069 | D:7      | Reached skill level 6 in Invocations
  5621 | D:7      | Found a stormy altar of Qazlal.
  6167 | D:8      | Noticed Maggie
  6179 | D:8      | Killed Maggie
  6180 | D:8      | Gained mutation: Your touch may irresistibly damage your
                  | foes and sap their willpower. [demonic ancestry]
  6180 | D:8      | Reached XP level 10. HP: 75/76 MP: 15/15
  6207 | D:8      | Noticed Grum
  6230 | D:8      | Reached skill level 7 in Invocations
  6234 | D:8      | Killed Grum
  6238 | D:8      | Reached skill level 5 in Short Blades
  6272 | D:8      | Gained mutation: You are clumsy. (Dex -2) [potion of
                  | mutation]
  6272 | D:8      | Gained mutation: You are robust. (+10% HP) [potion of
                  | mutation]
  6272 | D:8      | Gained mutation: You are partially covered in iridescent
                  | scales. (AC +2) [potion of mutation]
  6273 | D:8      | Lost mutation: You are robust. (+10% HP) [potion of
                  | mutation]
  6273 | D:8      | Lost mutation: You are clumsy. (Dex -2) [potion of
                  | mutation]
  6273 | D:8      | Gained mutation: Your magical capacity is low. (-10% MP)
                  | [potion of mutation]
  6274 | D:8      | Lost mutation: You are partially covered in iridescent
                  | scales. (AC +2) [potion of mutation]
  6274 | D:8      | Lost mutation: Your magical capacity is low. (-10% MP)
                  | [potion of mutation]
  6274 | D:8      | Gained mutation: You occasionally lose the ability to drink
                  | potions when taking damage. [potion of mutation]
  6274 | D:8      | Gained mutation: You are partially covered in iridescent
                  | scales. (AC +2) [potion of mutation]
  6274 | D:8      | Gained mutation: You have sharp toenails. [potion of
                  | mutation]
  6274 | D:8      | Gained mutation: A frigid envelope surrounds you and
                  | freezes all who hurt you. [potion of mutation]
  6275 | D:8      | Lost mutation: A frigid envelope surrounds you and freezes
                  | all who hurt you. [potion of mutation]
  6275 | D:8      | Lost mutation: You occasionally lose the ability to drink
                  | potions when taking damage. [potion of mutation]
  6275 | D:8      | Gained mutation: You are frail. (-10% HP) [potion of
                  | mutation]
  6275 | D:8      | Gained mutation: You are partially covered in large bone
                  | plates. (SH +4) [potion of mutation]
  6275 | D:8      | Gained mutation: You are agile. (Dex +4, Str/Int -1)
                  | [potion of mutation]
  6542 | D:8      | Noticed Psyche
  6551 | D:8      | Killed Psyche
  6759 | D:9      | Reached skill level 8 in Invocations
  6963 | D:9      | Found a broken altar of Ashenzari.
  7164 | D:9      | Reached skill level 9 in Invocations
  7210 | D:9      | Gained mutation: You have a pair of antennae on your head.
                  | [demonic ancestry]
  7210 | D:9      | Reached XP level 11. HP: 34/72 MP: 17/17
  7636 | D:10     | Entered Level 10 of the Dungeon
  7908 | D:10     | Noticed an oklob plant
  8083 | D:10     | Found a staircase to the Lair.
  8194 | D:10     | Lost mutation: You have sharp toenails. [potion of
                  | mutation]
  8194 | D:10     | Lost mutation: You are partially covered in iridescent
                  | scales. (AC +2) [potion of mutation]
  8194 | D:10     | Lost mutation: You are agile. (Dex +4, Str/Int -1) [potion
                  | of mutation]
  8194 | D:10     | Gained mutation: Your mind is acute. (Int +4, Str/Dex -1)
                  | [potion of mutation]
  8194 | D:10     | Gained mutation: You have a pair of large antennae on your
                  | head. (SInv) [potion of mutation]
  8226 | D:11     | Found a runed translucent door.
  8226 | D:11     | Found Zietsuwk's Armour Shop.
  8251 | D:11     | Reached skill level 10 in Invocations
  8354 | D:11     | Noticed a two-headed ogre
  8362 | D:11     | Killed a two-headed ogre
  8383 | D:11     | Noticed a green ugly thing
  8394 | D:11     | Killed a green ugly thing
  8666 | D:11     | Noticed a two-headed ogre
  8675 | D:11     | Killed a two-headed ogre
  8676 | D:11     | Reached skill level 11 in Invocations
  8776 | D:11     | Found a runed translucent door.
  8918 | D:11     | Noticed an orange crystal statue
  8928 | D:11     | Found a runed translucent door.
  8929 | D:11     | Noticed a boulder beetle
  9287 | D:11     | Found a runed translucent door.
  9525 | D:12     | Found a staircase to the Orcish Mines.
  9584 | D:12     | Noticed a brown ugly thing
  9600 | D:12     | Killed a brown ugly thing
  9610 | D:12     | Found Oriu's General Store.
 10040 | D:12     | Found Hucuos's Assorted Antiques.
 10049 | D:12     | Bought a sapphire ring for 170 gold pieces
 10432 | D:12     | Reached XP level 12. HP: 79/79 MP: 20/20
 10469 | D:12     | Found Uwnausk's General Store.
 10486 | D:12     | Noticed a boulder beetle
 10524 | D:12     | Killed a boulder beetle
 10703 | D:12     | Noticed a boulder beetle
 10735 | D:12     | Killed a boulder beetle
 10922 | D:12     | Noticed a boulder beetle
 10942 | D:12     | Killed a boulder beetle
 11283 | D:13     | Noticed a centaur warrior
 11296 | D:13     | Killed a centaur warrior
 11574 | D:13     | Reached skill level 10 in Armour
 11574 | D:13     | Reached skill level 10 in Dodging
 11612 | D:13     | Noticed a catoblepas
 11646 | D:13     | Slain by a catoblepas

Illustrated notes

Levels and vault maps discovered:
D:1:      sevenhm_arrival_forest_fort_large_2, layout_basic,
          grunt_decor_arrowhead, grunt_decor_mini_mirrors
D:2:      layout_rooms, minmay_tiny_reverse_x
D:3:      layout_basic, mainiacjoe_overflow_big_doors
D:4:      minmay_chambers_of_twos, layout_basic, enter_ossuary_3,
          minmay_starry_boxes
D:5:      minmay_diamond_boxcup, layout_basic,
          nicolae_uskayaw_murder_on_the_dancefloor,
          mainiacjoe_overflow_cross_hatched, temple_green
D:6:      layout_basic, lightli_temple_of_fire, gup_sewer_entry_glass
D:7:      layout_rooms, grunt_qazlal_clouds, serial_shops,
          nicolae_book_shop_shelving, uniq_pikel
D:8:      layout_loops_ring, serial_bayou, serial_bayou_lagoon_a,
          serial_bayou_pond_d, serial_bayou_pond_d, serial_bayou_pond_c,
          uniq_maggie, uniq_grum, uniq_psyche
D:9:      layout_irregular_city, amcnicky_altar_gilded
D:10:     layout_big_octagon, dpeg_oklobed_lair
D:11:     layout_cave_pools, serial_shops, shop, minmay_statue_crystal_thing
D:12:     layout_stronghold, orc_0_dummy, serial_shops, nicolae_lakefront_shop,
          nicolae_square_shop, shop, minivault_16
D:13:     layout_small_grid, nicolae_diode_stairs

Skill      XL: |  1  2  3  4  5  6  7  8  9 10 11 12 |
---------------+-------------------------------------+-----
Axes           | 2 3 |  3.2
Long Blades    | 2 3 4 6 |  6.1
Fighting       | 4 5 6 |  6.0
Dodging        | 4 5 7 8 10 | 10.0
Short Blades   | 2 4 6 |  6.0
Armour         | 4 5 7 8 10 | 10.0
Invocations    | 4 6 9 11 | 11.9
Shields        | |  2.6

Action                     |  1- 3 |  4- 6 |  7- 9 | 10-12 || total
---------------------------+-------+-------+-------+-------++-------
  Melee: War axe           |    75 |       |       |       ||    75
         Tailslap          |     3 |    12 |    36 |    97 ||   148
         Long sword        |    13 |   106 |   240 |   536 ||   895
         Touch             |       |     5 |    56 |   117 ||   178
         Punch             |       |       |     2 |     8 ||    10
 Invoke: Stomp             |       |       |     2 |     5 ||     7
         Grand Finale      |       |       |     1 |       ||     1
         Line Pass         |       |       |       |     2 ||     2
  Evoke: Wand              |       |       |       |    26 ||    26
    Use: Scroll            |     3 |     4 |     9 |     4 ||    20
         Potion            |       |       |       |     8 ||     8
   Stab: Paralysed         |       |       |    14 |    40 ||    54
         Petrified         |       |       |       |     2 ||     2
 Armour: Scale mail        |    54 |   102 |    32 |       ||   188
         Chain mail        |       |       |   147 |   333 ||   480
  Dodge: Dodged            |    44 |    56 |   173 |   359 ||   632
  Block: Buckler           |    20 |    19 |       |       ||    39
         Other             |       |       |    20 |   286 ||   306
